 Dungeon Crawl Stone Soup version 0.17-a0-435-gc4df345 (webtiles) character file.

21 krae the Insei (level 2, 0/18 HPs)
             Began as an Octopode Transmuter on Apr 4, 2015.
             Slain by a quokka (2 damage)
             ... on level 2 of the Dungeon.
             The game lasted 00:02:05 (356 turns).

krae the Insei (Octopode Transmuter)                 Turns: 356, Time: 00:02:05

Health: 0/18       AC:  1    Str:  9    XL:     2   Next: 83%
Magic:  4/5        EV: 12    Int: 15    God:
Gold:   17         SH:  0    Dex: 12    Spells: 1 memorised, 4 levels left

rFire  . . .     SeeInvis .       - Unarmed
rCold  . . .     Rnd*Rage +     (no shield)
rNeg   . . .     SustAb   .     (helmet restricted)
rPois  .         Gourm    .     (no amulet)
rElec  .         Spirit   .     (no ring)
rCorr  .         Warding  .     (no ring)
rMut   .         Rnd*Tele +     (no ring)
MR     .....                    (no ring)
Stlth  ++........               (no ring)
                                (no ring)
                                (no ring)
                                (no ring)

@: lethally poisoned (0 -> -15), appendage, not resistant to hostile
enchantments, unstealthy
A: almost no armour, amphibious, 8 rings, constrict 8, tentacle spike 3,
camouflage 1, berserk 1, teleportitis 1, gelatinous body 1, MP-powered wands
a: End Transformation


You were on level 2 of the Dungeon.
You were not hungry.
One of your tentacles had a temporary spike.
You visited 1 branch of the dungeon, and saw 2 of its levels.

You collected 17 gold pieces.


Innate Abilities, Weirdness & Mutations

You cannot wear most types of armour.
You are amphibious.
You can wear up to eight rings at the same time.
You can use your tentacles to constrict eight enemies at once.
Your skin changes colour to match your surroundings (Stealth).
Your rubbery body absorbs attacks (AC +1).
One of your tentacles bears a large vicious spike.
You tend to lose your temper in combat.
Space occasionally distorts in your vicinity.
You expend magic power (3 MP) to strengthen your wands.


   Skills:
 - Level 1.0 Fighting
 - Level 2.0 Dodging
 + Level 4.0 Unarmed Combat
 - Level 2.0 Spellcasting
 - Level 2.0 Transmutations


You had 4 spell levels left.
You knew the following spells:

 Your Spells              Type           Power        Failure   Level  Hunger
z - Beastly Appendage     Trmt           #.....       12%         1    #......

Inventory:

Hand weapons
 c - a +0 hunting sling
Missiles
 b - 12 arrows
Scrolls
 e - a scroll of recharging {unknown}
 f - a scroll of random uselessness {unknown}
 h - a scroll of magic mapping {unknown}
Books
 d - a book of Changes
Comestibles
 a - a bread ration

Dungeon Overview and Level Annotations

Branches:
Dungeon (2/15)

Altars:

#####
##...##
#.⌠.⌠.#
#.rx†.#
#.⌠.⌠.#
##...##
##.##
... ###


You could see a quokka.


Message History

You are poisoned.
The giant mite poisons you!
The quokka bites you but does no damage.
You closely miss the giant mite. You grab the giant mite.
You constrict the giant mite.
You feel sick. The giant mite bites you.
You are more poisoned.
The giant mite poisons you!
The quokka bites you but does no damage.
You bludgeon the giant mite!
The giant mite is severely wounded.
You constrict the giant mite.
You feel sick. The quokka bites you.
* * * LOW HITPOINT WARNING * * *
The giant mite bites you.
* * * LOW HITPOINT WARNING * * *
You are more poisoned.
The giant mite poisons you!
You tentacle-slap the giant mite.
You kill the giant mite!
Your Unarmed Combat skill increases to level 4!
* * * LOW HITPOINT WARNING * * *
You feel sick. The quokka closely misses you.
Unknown command.
Drink which item? (? for menu, Esc to quit)
It was a potion of mutation.
You feel extremely strange.
You feel a little pissed off.
You feel your magical essence link to your wands.
You feel weirdly uncertain.
* * * LOW HITPOINT WARNING * * *
You feel sick. The quokka bites you.
You die...

Action                   || total
-------------------------++-------
Melee: Unarmed           ||    26
 Cast: Beastly Appendage ||     5
  Use: Potion            ||     1

Vault maps used:
D:1:      dpeg_arrival_rooms_c
D:2:      minmay_misc_feat_columns, grunt_ministairs_11

Notes
Turn   | Place    | Note
--------------------------------------------------------------
     0 | D:1      | krae, the Octopode Transmuter, began the quest for the Orb.
     0 | D:1      | Reached XP level 1. HP: 13/13 MP: 3/3
    73 | D:1      | Reached XP level 2. HP: 11/18 MP: 5/5
   355 | D:2      | Reached skill level 4 in Unarmed Combat
   356 | D:2      | Gained mutation: You tend to lose your temper in combat. [potion of mutation]
   356 | D:2      | Gained mutation: You expend magic power (3 MP) to strengthen your wands. [potion of mutation]
   356 | D:2      | Gained mutation: Space occasionally distorts in your vicinity. [potion of mutation]
   356 | D:2      | Slain by a quokka

Vanquished Creatures
  A giant mite (D:2)
  A bat (D:1)
  2 goblins (D:1)
  4 hobgoblins (D:1)
  2 jackals (D:1)
  A kobold (D:1)
11 creatures vanquished.
